 Dungeon Crawl Stone Soup version 0.28-a0-1613-gdaab1c2f9b (webtiles) character file.

Game seed: 7063817946799846252

179 murtidash the Magician (level 5, 0/40 HPs)
             Began as a Djinni Warper on Jan 21, 2022.
             Slain by a centaur (2 damage)
             ... on level 3 of the Dungeon.
             The game lasted 00:03:25 (3139 turns).

murtidash the Magician (Djinni Warper)              Turns: 3139, Time: 00:03:26

Health: 0/40       AC:  2    Str: 10    XL:     5   Next: 90%
Gold:   96         EV: 12    Int: 16    God:
                   SH:  0    Dex: 13

rFire   + + .      SeeInvis .   r - +2 dagger (venom)
rCold   x . .      Faith    .   (no shield)
rNeg    . . .      Spirit   .   q - +0 robe
rPois   ∞          Reflect  .   (no helmet)
rElec   .          Harm     .   (no cloak)
rCorr   .          Rampage  .   (no gloves)
Will    .....                   (boots unavailable)
Stlth   +.........              (no amulet)
HPRegen 0.13/turn               (no ring)
MPRegen 0.00/turn               (no ring)

@: flying, very slightly contaminated
A: sickness immunity, fire resistance 2, cold vulnerability 1, float, innate
caster, hp casting, extra vitality 1
a: no special abilities


You were on level 3 of the Dungeon.
You visited 1 branch of the dungeon, and saw 3 of its levels.

You collected 96 gold pieces.

Inventory:

Hand Weapons
 a - a +0 falchion
 r - a +2 dagger of venom (weapon)
   (You took it off an orc wizard on level 3 of the Dungeon)
Missiles
 d - 5 boomerangs of dispersal {=f}
 s - 3 boomerangs
Armour
 b - a +0 leather armour
 p - the +1 ring mail of the Apprentice {Int+3}
   (You found it on level 2 of the Dungeon)

   Int:       It affects your intelligence (+3).
 q - a +0 robe (worn)
   (You found it on level 1 of the Dungeon)
Magical Staves
 i - a staff of conjuration {!a}
   (You found it on level 1 of the Dungeon)
Jewellery
 k - a ring of wizardry {Wiz+, !d}
   (You found it on level 2 of the Dungeon)
Scrolls
 c - a scroll of blinking {!r}
 e - 4 scrolls of identify {unknown}
 g - a scroll of noise {unknown}
 h - a scroll of immolation {unknown}
Potions
 f - 2 potions of flight {unknown}
 j - a potion of mutation {unknown}
 l - a potion of attraction {unknown}
 m - a potion of cancellation {unknown}
 n - a potion of might {unknown}
 o - a potion of haste {unknown}


   Skills:
 + Level 3.5 Fighting
 - Level 1.7 Long Blades
 - Level 0.7 Throwing
 - Level 1.0 Armour
 - Level 2.1 Dodging
 * Level 4.1 Spellcasting


You couldn't memorise any spells.
You knew the following spells:

 Your Spells              Type           Power      Damage    Failure   Level
a - Sting                 Tmut/Pois      64%        1d6       3%          1
b - Blink                 Tloc           32%        N/A       4%          2
c - Scorch                Fire           32%        2d6       4%          2
M - Manifold Assault      Tloc           16%        N/A       65%         5
U - Teleport Other        Tloc           16%        N/A       10%         3
X - Gell's Gravitas       Tloc           16%        N/A       10%         3
Z - Lesser Beckoning      Tloc           16%        N/A       10%         3
Your spell library was empty.

Dungeon Overview and Level Annotations

Branches:
Dungeon (3/15)

Altars:


Innate Abilities, Weirdness & Mutations

You are immune to sickness and miasma.
You are immune to poison.
Your flesh is very heat resistant. (rF++)
You are vulnerable to cold. (rC-)
You float through the air rather than walking.
You learn spells naturally, not from books.
Your magical power is your life essence.
You have superior vitality. (+4 MHP)


Message History

Things that are here:
a +2 dagger of venom; a +0 robe You can't see any susceptible monsters within range! (Use Z to cast anyway.)
r - a +2 dagger of venom Your +2 dagger of venom begins to drip with poison!
r - a +2 dagger of venom (weapon)
Flames lash the rat.
You kill the rat!
The orc shouts!
You take 1 damage, and have 35/40 hp.
You can't see any susceptible monsters within range! (Use Z to cast anyway.) Flames lash the orc.
The orc's fire resistance burns away.
An orc comes into view. It is wielding a +0 short sword.
You take 2 damage, and have 33/40 hp.
Flames lash the orc.
The orc is burned terribly!
You kill the orc!
The orc throws a boomerang.
The boomerang closely misses you.
You take 2 damage, and have 31/40 hp.
You can't see any susceptible monsters within range! (Use Z to cast anyway.) Flames lash the orc.
You kill the orc!
You take 1 damage, and have 30/40 hp.
A bat comes into view.
You regained 2 hp, and now have 32/40 hp.
A bat is nearby!
Things that are here:
a +0 mace; a +0 ring mail; an orc corpse You can't see any susceptible monsters within range! (Use Z to cast anyway.)
You can't see any susceptible monsters within range! (Use Z to cast anyway.)
Items here: ( ) [ †.
You can't see any susceptible monsters within range! (Use Z to cast anyway.)
You can't see any susceptible monsters within range! (Use Z to cast anyway.)
The bat completely misses you.
Aim: a bat (60% to hit)
The sting misses the bat.
The bat hits you but does no damage.
You take 1 damage, and have 31/40 hp.
Aim: a bat (60% to hit)
The sting hits the bat.
The bat is poisoned.
The bat barely misses you.
You take 1 damage, and have 30/40 hp.
Aim: a bat (severely wounded, poisoned, 60% to hit)
The sting hits the bat.
The bat looks even sicker.
You kill the bat!
A rat comes into view.
Flames lash the rat.
You kill the rat!
You take 2 damage, and have 30/40 hp.
s - 3 boomerangs
Things that are here:
a +0 short sword; a +0 ring mail; an orc corpse A hobgoblin comes into view.
Found a faded altar of an unknown god.
Health restored: 40 You can't see any susceptible monsters within range! (Use Z to cast anyway.)
You can't see any susceptible monsters within range! (Use Z to cast anyway.) Flames lash the hobgoblin.
The hobgoblin shouts!
The hobgoblin's fire resistance burns away.
Flames lash the hobgoblin.
The hobgoblin is burned terribly!
Flames lash the hobgoblin.
The hobgoblin is burned terribly!
You kill the hobgoblin!
You take 5 damage, and have 35/40 hp.
You can't see any susceptible monsters within range! (Use Z to cast anyway.)
You can't see any susceptible monsters within range! (Use Z to cast anyway.)
You see here a hobgoblin corpse.
There is an empty arch of ancient stone here.
There is an empty arch of ancient stone here.
A centaur comes into view.
The centaur shouts!
The centaur wields a +0 shortbow.
The centaur shoots an arrow.
The arrow hits you!
You take 4 damage, and have 31/40 hp.
The centaur shoots an arrow.
The arrow hits you!
The centaur shoots an arrow.
The arrow hits you!
You take 18 damage, and have 13/40 hp.
MASSIVE DAMAGE!!
Flames lash the centaur.
The centaur's fire resistance burns away.
* * * LOW HITPOINT WARNING * * *
You take 2 damage, and have 11/40 hp.
The centaur unwields a +0 shortbow.
The centaur closely misses you. The centaur kicks you.
* * * LOW HITPOINT WARNING * * *
Flames lash the centaur.
The centaur is burned terribly!
* * * LOW HITPOINT WARNING * * *
The centaur completely misses you. The centaur closely misses you.
The centaur completely misses you.
The centaur kicks you but does no damage.
You take 2 damage, and have 9/40 hp.
Flames lash the centaur.
The centaur is burned terribly!
* * * LOW HITPOINT WARNING * * *
The centaur hits you.
* * * LOW HITPOINT WARNING * * *
The centaur kicks you.
* * * LOW HITPOINT WARNING * * *
You take 5 damage, and have 4/40 hp.
You miscast Scorch.
You are very lightly contaminated with residual magic.
Nothing appears to happen.
* * * LOW HITPOINT WARNING * * *
The centaur closely misses you. The centaur kicks you.
You die...

###### #....# ###
##.##.###.# #∩.∩#.....#
##.######.# #∩_∩#####@#
##.##..##c# # #∩†∩#...... .#
. ##.##..##... ..
#.##..###### .# .#.# #.....#
####.# #.. .. #.
####..######...†# .... ..
#.######............#.....
..
#.#........###..............
#.


You could see a centaur (combustible).

Vanquished Creatures
  Natasha (twice) (D:3)
  An orc wizard (D:3)
  4 adders
  A worm (D:2)
  2 dart slugs (D:1)
  2 orcs (D:3)
  3 bats
  6 endoplasms
  4 giant cockroaches
  3 goblins
  3 hobgoblins
  4 jackals (D:2)
  10 ball pythons
  2 frilled lizards (D:1)
  3 kobolds
  11 rats
61 creatures vanquished.

Notes
Turn   | Place    | Note
-------+----------+-------------------------------------------
     0 | D:1      | murtidash the Djinni Warper began the quest for the Orb.
     0 | D:1      | Reached XP level 1. HP: 18/18 MP: 0/0
   118 | D:1      | Reached XP level 2. HP: 15/23 MP: 0/0
   532 | D:1      | Reached XP level 3. HP: 29/29 MP: 0/0
   532 | D:1      | Learned a level 1 spell: Sting
   599 | D:1      | Reached skill level 3 in Spellcasting
  1498 | D:2      | Reached XP level 4. HP: 32/34 MP: 0/0
  1889 | D:2      | Identified the +1 ring mail of the Apprentice {Int+3}
  2136 | D:2      | Reached skill level 3 in Fighting
  2574 | D:3      | Noticed Natasha
  2580 | D:3      | Killed Natasha
  2581 | D:3      | Reached XP level 5. HP: 31/40 MP: 0/0
  2581 | D:3      | Learned a level 2 spell: Scorch
  2826 | D:3      | Noticed Natasha
  2829 | D:3      | Killed Natasha
  2932 | D:3      | Reached skill level 4 in Spellcasting
  3078 | D:3      | Found a faded altar of an unknown god.
  3133 | D:3      | Noticed a centaur
  3138 | D:3      | HP: 5/40 [centaur (2)]
  3139 | D:3      | Slain by a centaur

Illustrated notes

Levels and vault maps discovered:
D:1:      kilobyte_arrival_exit_the_forest, layout_rooms, grunt_decor_arrowhead
D:2:      layout_basic, grunt_decor_fettered
D:3:      layout_basic, ebering_ecumenical_altar_hall, serial_shops,
          nicolae_shop_crystal, minivault_23, uniq_natasha,
          uniq_crazy_yiuf_cottage, uniq_robin

Skill      XL: |  1  2  3  4  5 |
---------------+----------------+-----
Spellcasting   | 3 4 |  4.1
Fighting       | 3 |  3.5
Long Blades    | |  1.7
Throwing       | |  0.7
Armour         | |  1.0
Dodging        | |  2.1

Action                   |  1- 3 |  4- 6 || total
-------------------------+-------+-------++-------
Melee: Falchion          |    76 |    12 ||    88
       Punch             |     1 |       ||     1
 Cast: Sting             |    15 |    43 ||    58
       Scorch            |       |    18 ||    18
Armor: Leather armour    |    22 |     3 ||    25
       Ring mail         |       |    10 ||    10
       Robe              |       |     2 ||     2
Dodge: Dodged            |    55 |    26 ||    81

Table legend: (Time is in decaauts)
 A = Elapsed time spent in this place.
 B = Non-inter-level travel time spent in this place.
 C = Inter-level travel time spent in this place.
 D = Time resting spent in this place.
 E = Time spent auto-exploring this place.
 F = Levels seen in this place.
 G = Mean time per level.
                   A        B        C        D        E       F      G
               +--------+--------+--------+--------+--------+-----+--------+
         Total |   3158 |   2994 |    164 |      5 |   2573 |   3 | 1052.7 |
       Dungeon |   3158 |   2994 |    164 |      5 |   2573 |   3 | 1052.7 |
               +--------+--------+--------+--------+--------+-----+--------+

Top non-repeatable levels by time:
     D:2: 1454 daAuts
     D:1: 1163 daAuts
     D:3: 540 daAuts

Table legend:
 A = Kills in this place as a percentage of kills in entire the game.
 B = Kills by you in this place as a percentage of kills by you in the entire game.
 C = Kills by friends in this place as a percentage of kills by friends in the entire game.
 D = Other kills in this place as a percentage of other kills in the entire game.
 E = Experience gained in this place as a percentage of experience gained in the entire game.
 F = Experience gained in this place divided by the number of levels of this place that you have seen.
                   A       B       C       D       E      F
               +-------+-------+-------+-------+-------+----------------------
         Total | 100.0 | 100.0 |   N/A |   N/A | 100.0 |  85.3
       Dungeon | 100.0 | 100.0 |   N/A |   N/A | 100.0 |  85.3
               +-------+-------+-------+-------+-------+----------------------
